 Dungeon Crawl Stone Soup version 0.22-a0-280-g69bf1f3 (webtiles) character file.

1608 b5mith the Skirmisher (level 8, -3/73 HPs)
             Began as a Pale Draconian Berserker on Mar 16, 2018.
             Was an Elder of Trog.
             Slain by an orc warrior
             ... wielding a +0 halberd
              (21 damage)
             ... in a bailey.
             The game lasted 00:15:15 (5481 turns).

b5mith the Skirmisher (Pale Draconian Berserker)    Turns: 5481, Time: 00:15:15

Health: -3/73      AC: 10    Str: 25    XL:     8   Next: 63%
Magic:  8/8        EV: 14    Int:  9    God:    Trog [****..]
Gold:   327        SH:  2    Dex: 10    Spells: 7/7 levels left

rFire    + . .     SeeInvis .   u - +2 falchion (holy)
rCold    . . .     Gourm    .   (no shield)
rNeg     . . .     Faith    .   (armour unavailable)
rPois    .         Spirit   .   (helmet restricted)
rElec    .         Reflect  +   (no cloak)
rCorr    .         Harm     .   f - +2 pair of gloves
MR       .....                  e - +0 pair of boots
Stlth    +.........             y - +2 amulet of reflection
HPRegen  0.22/turn              k - ring of protection from fire
MPRegen  0.11/turn              z - +4 ring of strength

@: no status effects
A: breathe steam, unfitting armour, cold-blooded, AC +6
a: Breathe Steam, Berserk, Trog's Hand, Brothers in Arms, Renounce Religion


You were in a bailey.
You worshipped Trog.
Trog was greatly pleased with you.
You were not hungry.

You visited 1 branch of the dungeon, and saw 7 of its levels.
You also visited: Ossuary and Bailey.

You collected 327 gold pieces.

Inventory:

Hand Weapons
 a - a +0 falchion
 u - a +2 falchion of holy wrath (weapon)
Missiles
 r - 8 steel javelins (quivered)
 s - 10 tomahawks
 w - 3 steel tomahawks
Armour
 e - a +0 pair of boots (worn)
 f - a +2 pair of gloves (worn)
Jewellery
 k - a ring of protection from fire (left hand)
 v - an uncursed ring of poison resistance
 x - an uncursed ring of wizardry
 y - a +2 amulet of reflection (around neck)
 z - a +4 ring of strength (right hand)
Wands
 D - a wand of disintegration (12)
Scrolls
 c - a scroll of magic mapping
 d - a scroll of enchant weapon
 o - 4 scrolls of blinking
 B - 2 scrolls of teleportation
 E - a scroll of fog {unknown}
 F - 4 scrolls of remove curse {@r2}
 G - a scroll of enchant armour {unknown}
Potions
 g - 4 potions of flight {unknown}
 h - 2 potions of haste {unknown}
 i - 2 potions of cancellation {unknown}
 j - 2 potions of degeneration {unknown}
 l - 4 potions of curing {unknown}
 m - a potion of brilliance {unknown}
 n - a potion of ambrosia {unknown}
 p - a potion of magic {unknown}
 q - 2 potions of berserk rage {unknown}
 t - 4 potions of heal wounds {unknown}
 A - 2 potions of agility
 C - 3 potions of lignification {unknown}
 H - a potion of might {unknown}
Comestibles
 b - 8 rations
 I - 5 chunks of flesh


   Skills:
 + Level 7.6 Fighting
 + Level 7.0 Long Blades
 + Level 6.4 Dodging


You had 7 spell levels left.
You didn't know any spells.

Dungeon Overview and Level Annotations

Branches:
Dungeon (7/15)             Temple (0/1) D:5

Altars:
Cheibriados
Dithmenos
Ru
Yredelemnul
Zin

Shops:
D:6 ?


Innate Abilities, Weirdness & Mutations

You can breathe blasts of scalding, opaque steam.
Your pale cyan-grey scales are hard. (AC +6)
You cannot fit into any form of body armour.
You are cold-blooded and may be slowed by cold attacks.


Message History

An orc knight comes into view. It is wielding an enchanted glaive.
You hit the orc warrior.
Your tail-slap misses the orc warrior.
The orc warrior is lightly wounded.
The orc warrior misses you.
You barely miss the orc warrior.
The orc warrior is lightly wounded.
The orc knight roars a battlecry!
The orc goes into a battle-frenzy!
The orc warrior barely misses you.
An orc warrior comes into view. It is wielding an arbalest.
You barely miss the orc warrior.
The orc warrior is lightly wounded.
The orc knight roars a battlecry!
The orc knight goes into a battle-frenzy!
The orc warrior shoots a bolt.
The bolt hits you!
* * * LOW HITPOINT WARNING * * *
You hear a shout!
The orc warrior barely misses you.
The orc warrior hits you from afar with a halberd!!
You die...

### ##### ##∩##
####
.....##.∩.##.o..
.≈≈≈..#...#.o≈≈≈
≈≈o≈≈.......≈≈o≈
≈.oo≈.......≈oo
≈≈o≈≈..o....≈≈o≈
.≈≈≈..#(..#..≈≈≈
.....##.@.##....
##### ##∩## ####
###


You could see 3 orc knights, 3 orc warriors and an orc.

Vanquished Creatures
  Menkaure (D:6)
  An ice beast (D:5)
  The ghost of b5mith the Skirmisher, an amateur DrBe of Trog (D:3)
  A centaur (D:7)
  An ogre (D:5)
  A scorpion (D:4)
  A crimson imp (D:5)
  5 orc priests
  2 bullfrog skeletons (D:5)
  A hound (D:2)
  5 orc wizards
  Jessica (D:2)
  Terence (D:2)
  Natasha (twice) (D:2)
  4 worker ants
  A hound zombie (D:3)
  2 hound skeletons
  12 mummies (Ossuary)
  A howler monkey zombie (D:5)
  2 worker ant zombies
  3 gnolls (D:2)
  11 adders
  A shadow imp (D:5)
  An ooze (D:3)
  An adder skeleton (D:6)
  3 worms
  3 dart slugs
  8 leopard geckos
  24 orcs
  3 bats
  4 giant cockroaches
  5 goblins (D:3)
  5 hobgoblins
  3 jackals (D:3)
  A quokka (D:2)
  A ball python (D:1)
  3 frilled lizards
  5 gnoll skeletons (Ossuary)
  A goblin skeleton (Ossuary)
  5 kobolds
  A leopard gecko skeleton (D:6)
  2 orc skeletons (Ossuary)
  8 rats
  11 rat skeletons (Ossuary)
159 creatures vanquished.

Notes
Turn   | Place    | Note
-------+----------+-------------------------------------------
     0 | D:1      | b5mith the Draconian Berserker began the quest for the Orb.
     0 | D:1      | Reached XP level 1. HP: 19/19 MP: 1/1
   344 | D:1      | Reached XP level 2. HP: 26/26 MP: 2/2
   573 | D:2      | Reached XP level 3. HP: 13/33 MP: 3/3
   832 | D:2      | Noticed Terence
   842 | D:2      | Killed Terence
   842 | D:2      | Reached XP level 4. HP: 34/40 MP: 4/4
   866 | D:2      | Noticed Natasha
   876 | D:2      | Killed Natasha
   894 | D:2      | Noticed Jessica
   902 | D:2      | Killed Jessica
   902 | D:2      | Reached XP level 5. HP: 47/47 MP: 5/5
  1128 | D:2      | Found a basalt altar of Yredelemnul.
  1333 | D:2      | Noticed Natasha
  1339 | D:2      | Killed Natasha
  1339 | D:2      | Reached ** piety under Trog
  1678 | D:3      | Reached skill level 5 in Fighting
  1679 | D:3      | Reached XP level 6. HP: 52/56 MP: 6/6
  2152 | D:3      | Noticed b5mith's ghost (amateur DrBe)
  2172 | D:3      | Killed b5mith's ghost
  2172 | D:3      | Reached skill level 5 in Long Blades
  2609 | D:4      | Found a glowing silver altar of Zin.
  2657 | D:4      | Found a sacrificial altar of Ru.
  2685 | D:4      | Your scales start taking on a pale cyan-grey colour.
  2685 | D:4      | Reached XP level 7. HP: 56/62 MP: 7/7
  2973 | D:4      | Found a shadowy altar of Dithmenos.
  3217 | D:5      | Entered Level 5 of the Dungeon
  3224 | D:5      | Reached skill level 5 in Dodging
  3291 | D:5      | Reached *** piety under Trog
  3623 | D:5      | Reached XP level 8. HP: 44/71 MP: 8/8
  3655 | D:5      | Found a snail-covered altar of Cheibriados.
  3737 | D:5      | Found a staircase to the Ecumenical Temple.
  4076 | D:6      | Found Booheghi's Magic Scroll Shoppe.
  4184 | D:6      | Found a sand-covered staircase.
  4196 | Ossuary  | Entered an ossuary
  4433 | Ossuary  | Reached **** piety under Trog
  5015 | D:6      | Noticed Menkaure
  5020 | D:6      | Killed Menkaure
  5454 | D:7      | Found a flagged portal.
  5461 | Bailey   | Entered a bailey
  5461 | Bailey   | Noticed an orc knight
  5465 | Bailey   | Noticed an orc knight
  5477 | Bailey   | Noticed an orc knight
  5481 | Bailey   | Slain by an orc warrior

Vault maps used:
D:1:      saegor_arrival_simple_a
D:2:      yredelemnul_altar_generic, uniq_jessica, uniq_natasha, uniq_terence
D:3:      minmay_misc_feat_square, solitary_fountain
D:4:      old_standard_altar, overflow_temple_1_default, first_ration,
          nicolae_ru_sacrificial_ziggurat
D:5:      cheibrodos_worm_habitat, temple_statues
D:6:      portal_sewer_entry_d, serial_shops, shop, enter_ossuary_1,
          uniq_menkaure
D:7:      fiery_altar_vehumet, enter_bailey_2, the_bakery,
          nemelex_spade_bored_becter, uniq_duvessa
Ossuary:  ossuary_due_small_catacomb
Bailey:   bailey_polearm_4, bailey

Skill      XL: |  1  2  3  4  5  6  7  8 |
---------------+-------------------------+-----
Dodging        | 3 4 5 6 |  6.4
Fighting       | 4 5 6 7 |  7.6
Long Blades    | 4 5 6 7 |  7.0

Action                   |  1- 3 |  4- 6 |  7- 9 || total
-------------------------+-------+-------+-------++-------
Melee: Falchion          |    57 |   180 |   249 ||   486
       Tailslap          |     7 |    23 |    45 ||    75
Throw: Javelin           |       |       |     4 ||     4
Invok: Berserk           |       |     1 |     2 ||     3
 Abil: Breathe Steam     |       |       |     2 ||     2
  Use: Scroll            |       |     8 |       ||     8
  Eat: Chunk             |       |     7 |     8 ||    15
       Ration            |       |       |     1 ||     1
Armor: Skin              |    16 |    50 |    45 ||   111
Dodge: Dodged            |    42 |   104 |   132 ||   278
Block: Other             |       |       |     7 ||     7
       Rpst.: Falchion   |    13 |    31 |    40 ||    84

Table legend:
 A = Spawn XP
 B = Non-spawn XP
 C = Spawn XP percentage of total XP
 D = Spawn monster count
 E = Non-spawn monster count
 F = Spawn count percentage of total count
 G = Total turns spent on level
                    A         B        C        D         E        F      G
               +---------+---------+-------+---------+---------+-------+---------
         Total |       0 |    2298 |   0.0 |       0 |     159 |   0.0 |  5481
               +---------+---------+-------+---------+---------+-------+---------
           D:1 |       0 |      24 |   0.0 |       0 |      13 |   0.0 |   558
           D:2 |       0 |     266 |   0.0 |       0 |      16 |   0.0 |   836
           D:3 |       0 |     363 |   0.0 |       0 |      40 |   0.0 |  1166
           D:4 |       0 |     157 |   0.0 |       0 |       9 |   0.0 |   657
           D:5 |       0 |     704 |   0.0 |       0 |      27 |   0.0 |   710
           D:6 |       0 |     443 |   0.0 |       0 |      22 |   0.0 |  1060
           D:7 |       0 |     112 |   0.0 |       0 |       1 |   0.0 |    64
       Ossuary |       0 |     229 |   0.0 |       0 |      31 |   0.0 |   410
               +---------+---------+-------+---------+---------+-------+---------
